 Dungeon Crawl Stone Soup version 0.23.2-33-g5129a83184 (webtiles) character file.

Game seed: 1488280465049808034

145639 doot the Devastator (level 17, -5/144 HPs)
             Began as a Tengu Fire Elementalist on June 27, 2019.
             Was the Champion of Vehumet.
             Slain by an electric golem (6 damage)
             ... on level 2 of the Elven Halls on June 28, 2019.
             The game lasted 02:19:04 (39212 turns).

doot the Devastator (Tengu Fire Elementalist)      Turns: 39212, Time: 02:19:05

Health: -5/144     AC: 28    Str:  8    XL:     17   Next: 42%
Magic:  21/35      EV:  2    Int: 28    God:    Vehumet [******]
Gold:   1676       SH:  8    Dex: 21    Spells: 8/43 levels left

rFire    + + .     SeeInvis .   b - staff of conjuration
rCold    + . .     Gourm    .   M - +2 buckler
rNeg     + + +     Faith    .   (armour currently unavailable)
rPois    +         Spirit   .   (helmet currently unavailable)
rElec    +         Reflect  .   (cloak currently unavailable)
rCorr    +         Harm     .   (gloves currently unavailable)
MR       +++..     Rnd*Rage +   (boots unavailable) Stlth ++++......NoTele +
                                A - amulet "Dauwn" {Acrobat Int+7}
HPRegen  0.34/turn              m - ring "Uckez" {+Blink +Inv rC+ rN+ Dex+4}
MPRegen  0.24/turn              F - ring "Imecu" {Fire rElec MR+}

@: tree-form, resistant, hasted, very quick
A: berserk 1, magic resistance 1, screaming 1, MP-powered wands, able to fly
a: Stop Flying, Renounce Religion, Evoke Blink, Evoke Invisibility


You were on level 2 of the Elven Halls.
You worshipped Vehumet.
Vehumet was exalted by your worship.
You were near starving.
You were a tree.
You visited 5 branches of the dungeon, and saw 26 of its levels.
You also visited: Ossuary and Wizlab.

You collected 2324 gold pieces.
You spent 648 gold pieces at shops.

Inventory:

Hand Weapons
 h - a +8 demon whip of freezing
Armour
 d - a +2 pair of gloves of strength (melded)
 M - a +2 buckler (worn)
 N - a +2 troll leather armour (melded) {Snorg}
 T - a +1 cloak of magic resistance (melded)
 W - the +1 chain mail of the Gate {+Blink rF+ rC++ MR- Dex+4}
   (You found it on level 5 of the Lair of Beasts)

   It affects your dexterity (+4).
   It protects you from fire.
   It greatly protects you from cold.
   It affects your resistance to hostile enchantments.
   It lets you blink.
Magical Staves
 a - an uncursed staff of power
 b - an uncursed staff of conjuration (weapon)
Jewellery
 e - an uncursed ring of protection from cold
 m - the ring "Uckez" (left branch) {+Blink +Inv rC+ rN+ Dex+4}
   (You found it on level 6 of the Dungeon)

   [ring of dexterity]

   It affects your dexterity (+4).
   It protects you from cold.
   It protects you from negative energy.
   It lets you turn invisible.
   It lets you blink.
 p - an uncursed ring of see invisible
 A - the amulet "Dauwn" (around neck) {Acrobat Int+7}
   (You found it on level 3 of the Lair of Beasts)

   [amulet of the acrobat]

   It helps you evade while moving and waiting.
   It affects your intelligence (+7).
 F - the ring "Imecu" (right branch) {Fire rElec MR+}
   (You found it on level 14 of the Dungeon)

   [ring of fire]

   It enhances your fire magic.
   It protects you from fire.
   It makes you vulnerable to cold.
   It insulates you from electricity.
   It affects your resistance to hostile enchantments.
 Y - an uncursed ring of ice
Wands
 f - a wand of iceblast (41)
 l - a wand of flame (37)
 o - a wand of paralysis (6)
 s - a wand of scattershot (5)
 C - a wand of polymorph (26)
 H - a wand of random effects (57)
 O - a wand of digging (8)
 R - a wand of clouds (4)
 V - a wand of disintegration (14)
Scrolls
 k - 4 scrolls of magic mapping
 r - 11 scrolls of teleportation
 t - 11 scrolls of remove curse
 x - 2 scrolls of fog
 z - 5 scrolls of amnesia
 K - a scroll of enchant armour
 S - 3 scrolls of vulnerability
 X - 5 scrolls of fear
 Z - 2 scrolls of silence
Potions
 g - 10 potions of curing
 i - a potion of berserk rage {unknown}
 j - 6 potions of magic
 n - 5 potions of brilliance
 q - 10 potions of agility
 u - 2 potions of haste
 v - 4 potions of lignification
 w - 5 potions of heal wounds
 B - 2 potions of ambrosia
 G - 3 potions of cancellation
Miscellaneous
 D - a crystal ball of energy
 J - a phial of floods
 P - a lightning rod (4/4)
 U - a fan of gales
Comestibles
 c - 42 rations


   Skills:
 + Level 7.4 Fighting
 + Level 11.9(12.0) Maces & Flails
 - Level 2.8(8.3) Staves
 + Level 4.0 Armour
 + Level 9.3 Dodging
 + Level 6.0 Stealth
 + Level 5.3 Shields
 + Level 13.6 Spellcasting
 + Level 16.9 Conjurations
 * Level 15.0 Fire Magic
 + Level 7.6 Poison Magic
 + Level 1.4 Evocations


You had 8 spell levels left.
You knew the following spells:

 Your Spells              Type           Power        Failure   Level  Hunger
a - Flame Tongue          Conj/Fire      #####        0%          1    None
b - Sticky Flame          Conj/Fire      ########     1%          4    None
c - Conjure Flame         Conj/Fire      ########     0%          3    None
d - Fireball              Conj/Fire      ########..   1%          5    #......
e - Ignite Poison         Fire/Tmut/Pois #######.     1%          3    None
f - Poison Arrow          Conj/Pois      #######...   1%          6    ####...
g - Bolt of Fire          Conj/Fire      ########..   1%          6    ####...
h - Orb of Destruction    Conj           ########..   1%          7    ######.

Your spell library contained the following spells:

 Spells                   Type           Power        Failure   Level  Hunger
 Conjure Ball Lightning   Conj/Air       #######...   3%          6    ####...
 Throw Flame              Conj/Fire      ######       0%          2    None
 Freeze                   Ice            ###.         1%          1    None
 Throw Frost              Conj/Ice       ######       1%          2    None
 Dazzling Spray           Conj/Hex       ######       1%          3    None
 Inner Flame              Hex/Fire       #######.     1%          3    None
 Throw Icicle             Conj/Ice       #######.     1%          4    None
 Irradiate                Conj/Tmut      #######...   1%          5    #......
 Animate Skeleton         Necr           N/A          2%          1    None
 Corona                   Hex            ###....      2%          1    None
 Pain                     Necr           ###.         2%          1    None
 Summon Small Mammal      Summ           ###.         2%          1    None
 Blink                    Tloc           N/A          4%          2    None
 Call Imp                 Summ           ###.....     4%          2    None
 Ensorcelled Hibernation  Hex/Ice        ###...       4%          2    None
 Shroud of Golubria       Chrm/Tloc      ###.......   4%          2    None
 Call Canine Familiar     Summ           ###.....     9%          3    None
 Confuse                  Hex            ###.....     9%          3    None
 Gell's Gravitas          Tloc           ###.......   9%          3    None
 Lesser Beckoning         Tloc           ###.......   9%          3    None
 Ozocubu's Armour         Chrm/Ice       ###.....     9%          3    None
 Regeneration             Chrm/Necr      ###.......   9%          3    None
 Summon Guardian Golem    Hex/Summ       ###.....     9%          3    None
 Teleport Other           Tloc           ###.....     9%          3    None
 Tukima's Dance           Hex            ###.....     9%          3    None
 Vampiric Draining        Necr           ###.......   9%          3    None
 Ignition                 Fire           ########..   11%         8    #######
 Animate Dead             Necr           N/A          28%         4    None
 Passage of Golubria      Tloc           N/A          28%         4    None
 Summon Ice Beast         Ice/Summ       ###.....     28%         4    None
 Summon Lightning Spire   Summ/Air       ###.....     28%         4    None
 Ring of Flames           Chrm/Fire      #######...   71%         7    ######.
 Hydra Form               Tmut           ###.......   99%         6    ####...
 Statue Form              Tmut/Erth      ###......    99%         6    ####...
 Dragon Form              Tmut           ###.......   100%        7    ######.


Dungeon Overview and Level Annotations

Branches:
Dungeon (15/15)            Temple (1/1) D:5            Lair (6/6) D:8
  Swamp (0/4) Lair:2       Spider (0/4) Lair:4        Slime (0/5) Lair:5
    Orc (2/2) D:12            Elf (2/3) Orc:2        Vaults (0/5) D:14
 Depths (0/5) D:15

Altars:
Ashenzari
Cheibriados
Dithmenos
Elyvilon
Fedhas
Gozag
Hepliaklqana
Kikubaaqudgha
Makhleb
Nemelex Xobeh
Okawaru
Qazlal
Ru
Sif Muna
Trog
Uskayaw
Vehumet
Wu Jian
Xom
Yredelemnul
Zin
The Shining One
Jiyva

Shops:
D:6 %   D:13 %   Orc:1 :   Orc:2 ![}

Portals:
Trove: Elf:2 (give 6 potions of haste)

Annotations:
D:5 Edmund
D:15 Azrael
Lair:2 1 runed translucent door, Terandir's ghost, journeyman MiFi
Elf:2 1 exclusion


Innate Abilities, Weirdness & Mutations

((You have a beak for a mouth.))
((You have claws for feet.))
You can fly continuously.
You tend to lose your temper in combat.
You are resistant to hostile enchantments. (MR+)
You occasionally shout uncontrollably at your foes.
You expend magic power (3 MP) to strengthen your wands.
((Your movements are slightly less encumbered by armour. (ER -2)))


Message History

You block the electric golem's attack.
The electric golem hits you but does no damage. x3
Unknown command.
Casting: Orb of Destruction (safe; 1% risk of failure)
Confirm with . or Enter, or press ? or * to list all spells.
Okay, then.
Unknown command.
Okay, then.
Unknown command.
You feel yourself speed up.
The electric golem hurls lightning at you.
The bolt of lightning hits you! You resist.
* * * LOW HITPOINT WARNING * * *
The bolt of lightning hits you. You resist.
* * * LOW HITPOINT WARNING * * *
The bolt of lightning hits the electric golem.
The electric golem completely resists.
The electric golem hits you!
* * * LOW HITPOINT WARNING * * *
The electric golem shocks you. You resist.
You die...

######### ##☼°○..°°##
#§§☼§...☼§## #°§##########
############..#..8##.#.####
.(....)....#..#.♣...#.#...#
############§°#...##.#.##.#
# #°§##########..# ## ####
#☼§°°..☼☼○###.## )## ###..#
##☼.§§°○°###..# #.###....#
#########...### ##(......#
#.......#
#........##########.......#
###.(....'........'>......#


You could see an electric golem.

Vanquished Creatures
  Rupert (D:15)
  A deep elf sorcerer (Elf:2)
  A deep elf elementalist (Elf:1)
  An ironheart preserver (D:14)
  A war gargoyle (WizLab)
  A stone giant (Orc:1)
  A deep elf demonologist (Elf:2)
  A deep elf annihilator (Elf:1)
  Snorg (D:11)
  A fire dragon (Lair:6)
  Fannar (D:12)
  A crystal guardian (WizLab)
  9 hydras
  5 centaur warriors
  A tengu warrior (D:14)
  Erica (D:12)
  12 two-headed ogres
  3 ogre magi
  3 death knights
  6 dancing weapons
  Urug (Lair:6)
  8 deep elf knights
  2 skeletal warriors (D:14)
  9 unseen horrors
  A flayed ghost (D:14)
  2 lindwurms (Lair:6)
  2 deep trolls (Orc:2)
  A wizard (D:9)
  An obsidian statue (Lair:3)
  14 deep elf archers
  2 orc knights (Orc:2)
  25 deep elf magi
  2 harpies (D:14)
  10 ugly things
  A mana viper (shapeshifter) (D:14)
  2 orc sorcerers (Orc:1)
  7 cyclopes
  6 oklob plants
  7 elephants
  5 manticores
  4 torpor snails (Lair:6)
  Joseph (D:12)
  3 black mambas
  10 spiny frogs
  A centaur skeleton (D:14)
  A rime drake (shapeshifter) (Elf:1)
  4 rime drakes
  6 gargoyles
  A kobold demonologist (D:11)
  4 komodo dragons
  A freezing wraith (D:14)
  A redback zombie (D:13)
  12 trolls
  2 tengu conjurers (D:13)
  3 tyrant leeches (Lair:6)
  A troll (shapeshifter) (Elf:1)
  11 polar bears
  4 bog bodies (Lair:2)
  A hippogriff (shapeshifter) (D:14)
  11 hornets
  4 raiju (Lair:6)
  9 blink frogs
  11 slime creatures
  12 hippogriffs
  2 air elementals (Elf:1)
  Sigmund (D:2)
  3 redbacks (Lair:4)
  A shadow (D:14)
  4 water elementals (Elf:1)
  6 wyverns
  A spriggan (D:10)
  3 wraiths
  50 yaks
  6 basilisks
  A hungry ghost (D:14)
  A steam dragon (D:14)
  3 fire elementals
  5 wargs
  A vampire mosquito (D:14)
  Menkaure (D:7)
  An acid dragon (D:14)
  2 soldier ants
  12 water moccasins
  14 hell hounds
  A floating eye (Lair:6)
  9 porcupines
  2 ice beasts
  26 orc warriors
  5 sky beasts
  16 black bears
  23 ogres
  2 phantoms
  23 wolves
  An eye of draining (D:11)
  13 centaurs
  15 crocodiles
  4 big kobolds
  Blork the orc (D:6)
  24 bullfrogs
  2 wyvern zombies
  2 wyvern skeletons
  5 scorpions
  A scorpion (shapeshifter) (D:13)
  2 water moccasin zombies (Ossuary)
  A water moccasin skeleton (D:7)
  3 killer bees (D:11)
  7 howler monkeys
  3 electric eels
  6 crimson imps
  2 bullfrog zombies
  5 centaur zombies
  13 jellies
  2 quasits
  Crazy Yiuf (D:6)
  6 hounds
  A bullfrog skeleton (D:4)
  11 orc priests
  A gnoll shaman (D:4)
  Jessica (D:2)
  2 iguanas
  Terence (D:2)
  21 orc wizards
  11 worker ants
  4 hell rats
  2 killer bee zombies
  A big kobold zombie (Ossuary)
  A hound zombie (D:8)
  A hound skeleton (D:9)
  2 mummies (Ossuary)
  A worker ant zombie (D:7)
  A howler monkey zombie (D:5)
  8 gnolls
  9 adders
  5 shadow imps
  14 oozes
  6 adder zombies (Ossuary)
  An adder skeleton (D:7)
  3 worms
  4 dart slugs
  A leopard gecko (shapeshifter) (D:14)
  10 leopard geckos
  75 orcs
  3 giant cockroaches
  6 goblins
  13 hobgoblins
  12 jackals
  32 kobolds
  5 quokkas
  2 ball pythons
  8 bats
  A frilled lizard (D:2)
  4 gnoll zombies (Ossuary)
  4 hobgoblin zombies (Ossuary)
  3 kobold zombies (Ossuary)
  2 leopard gecko skeletons
  A leopard gecko zombie (D:5)
  3 orc zombies (Ossuary)
  A quokka zombie (D:4)
  9 rats
  A rat zombie (D:4)
  3 fungi
  A plant (Lair:6)
934 creatures vanquished.

Vanquished Creatures (others)
  A deep elf mage (Elf:1)
  A wolf (Lair:6)
  An adder zombie (Ossuary)
  A hobgoblin zombie (Ossuary)
  15 fungi
  30 plants
49 creatures vanquished.

Grand Total: 983 creatures vanquished

Notes
Turn   | Place    | Note
-------+----------+-------------------------------------------
     0 | D:1      | doot the Tengu Fire Elementalist began the quest for the
                  | Orb.
     0 | D:1      | Reached XP level 1. HP: 10/10 MP: 4/4
   425 | D:1      | Reached XP level 2. HP: 15/15 MP: 4/6
  1201 | D:2      | Reached skill level 2 in Conjurations
  1201 | D:2      | Reached XP level 3. HP: 19/19 MP: 0/7
  1293 | D:2      | Reached XP level 4. HP: 18/24 MP: 4/8
  1301 | D:2      | Learned a level 4 spell: Sticky Flame
  1369 | D:2      | Noticed Terence
  1445 | D:2      | Killed Terence
  1789 | D:2      | Learned a level 3 spell: Conjure Flame
  1843 | D:2      | Gained mutation: You can fly continuously. [Tengu growth]
  1843 | D:2      | Reached XP level 5. HP: 28/28 MP: 7/10
  1988 | D:2      | Noticed Jessica
  1996 | D:2      | Killed Jessica
  2005 | D:2      | Noticed Sigmund
  2125 | D:2      | Killed Sigmund
  2125 | D:2      | Reached skill level 3 in Conjurations
  2125 | D:2      | Reached skill level 5 in Fire Magic
  2125 | D:2      | Reached XP level 6. HP: 4/33 MP: 3/12
  2427 | D:2      | Learned a level 3 spell: Inner Flame
  2967 | D:3      | Found a bloodstained altar of Trog.
  3618 | D:4      | Reached XP level 7. HP: 37/37 MP: 9/14
  3995 | D:4      | Found a sparkling altar of Nemelex Xobeh.
  4156 | D:4      | Found a sand-covered staircase.
  4168 | Ossuary  | Entered an ossuary
  4192 | Ossuary  | Reached skill level 1 in Maces & Flails
  4809 | Ossuary  | Learned a level 5 spell: Fireball
  4827 | D:4      | Reached skill level 1 in Fighting
  4827 | D:4      | Reached skill level 4 in Conjurations
  5000 | D:4      | Reached XP level 8. HP: 39/43 MP: 8/15
  5488 | D:5      | Entered Level 5 of the Dungeon
  5568 | D:5      | Found a glowing golden altar of the Shining One.
  5997 | D:5      | Found a glowing golden altar of the Shining One.
  5997 | D:5      | Found an opulent altar of Gozag.
  6450 | D:5      | Found a staircase to the Ecumenical Temple.
  6472 | Temple   | Entered the Ecumenical Temple
  6579 | Temple   | Became a worshipper of Vehumet
  6893 | D:6      | Noticed Edmund
  7000 | D:6      | Noticed Blork the orc
  7019 | D:6      | Killed Blork the orc
  7048 | D:6      | Got a steaming jade ring
  7050 | D:6      | Identified the ring "Uckez" {+Blink +Inv rC+ rN+ Dex+4}
                  | (You found it on level 6 of the Dungeon)
  7075 | D:6      | Found a burning altar of Makhleb.
  7418 | D:6      | Found a shimmering altar of Xom.
  7572 | D:6      | Found a runed translucent door.
  7573 | D:6      | Noticed Crazy Yiuf
  7614 | D:6      | Found Ynnaja's Food Emporium.
  7761 | D:6      | Killed Crazy Yiuf
  7879 | D:6      | Reached skill level 5 in Spellcasting
  7879 | D:6      | Reached skill level 5 in Conjurations
  8227 | D:6      | Reached XP level 9. HP: 34/48 MP: 9/18
  8343 | D:7      | Reached skill level 6 in Conjurations
  8348 | D:7      | Reached * piety under Vehumet
  8348 | D:7      | Offered knowledge of Magic Dart by Vehumet.
  8638 | D:7      | Noticed Menkaure
  8644 | D:7      | Killed Menkaure
  8644 | D:7      | Reached skill level 1 in Staves
  9136 | D:8      | Reached skill level 7 in Conjurations
  9206 | D:8      | Found a staircase to the Lair.
  9704 | D:8      | Reached XP level 10. HP: 36/54 MP: 17/20
  9956 | D:8      | Reached skill level 8 in Conjurations
 10296 | D:9      | Offered knowledge of Sting by Vehumet.
 10345 | D:9      | Reached ** piety under Vehumet
 10345 | D:9      | Reached skill level 5 in Maces & Flails
 10360 | D:9      | Noticed a wizard
 10377 | D:9      | Killed a wizard
 10764 | D:9      | Reached skill level 5 in Dodging
 11707 | D:10     | Entered Level 10 of the Dungeon
 11801 | D:10     | Offered knowledge of Searing Ray by Vehumet.
 11936 | D:10     | Noticed a two-headed ogre
 11952 | D:10     | Killed a two-headed ogre
 11952 | D:10     | Reached skill level 5 in Stealth
 11952 | D:10     | Reached skill level 9 in Conjurations
 11952 | D:10     | Reached XP level 11. HP: 61/61 MP: 7/22
 11957 | D:10     | Reached *** piety under Vehumet
 12581 | D:11     | Offered knowledge of Ignite Poison by Vehumet.
 12597 | D:11     | Learned a level 3 spell: Ignite Poison
 12621 | D:11     | Noticed a purple ugly thing
 12638 | D:11     | Noticed a death knight
 12651 | D:11     | Killed a purple ugly thing
 13132 | D:11     | Noticed Snorg
 13144 | D:11     | Killed Snorg
 13353 | D:11     | Reached **** piety under Vehumet
 13496 | D:11     | Noticed Erica
 13666 | Lair:1   | Entered Level 1 of the Lair of Beasts
 13704 | Lair:1   | Reached skill level 10 in Conjurations
 13949 | Lair:1   | Reached skill level 5 in Fighting
 14083 | Lair:1   | Reached skill level 1 in Armour
 14159 | Lair:1   | Offered knowledge of Stone Arrow by Vehumet.
 14203 | Lair:1   | Reached XP level 12. HP: 61/68 MP: 16/25
 15133 | Lair:2   | Reached skill level 10 in Fire Magic
 15159 | Lair:2   | Found a runed translucent door.
 15160 | Lair:2   | Noticed Terandir's ghost (journeyman MiFi)
 15564 | Lair:2   | Reached skill level 1 in Shields
 15918 | Lair:2   | Reached skill level 11 in Conjurations
 15949 | Lair:2   | Reached ***** piety under Vehumet
 16259 | Lair:2   | Found a staircase to the Swamp.
 16361 | Lair:3   | Offered knowledge of Throw Icicle by Vehumet.
 17324 | Lair:4   | Noticed a four-headed hydra
 17332 | Lair:4   | Killed a four-headed hydra
 17340 | Lair:4   | Noticed a four-headed hydra
 17470 | Lair:3   | Reached skill level 10 in Maces & Flails
 17471 | Lair:3   | Killed a four-headed hydra
 17596 | Lair:4   | Reached XP level 13. HP: 73/73 MP: 21/27
 17733 | Lair:4   | Found a hole to the Spider Nest.
 17951 | Lair:4   | Reached skill level 12 in Conjurations
 18238 | Lair:4   | Gained mutation: Your body sometimes deteriorates upon
                  | taking damage. [potion of mutation]
 18238 | Lair:4   | Gained mutation: Your flesh is cold resistant. (rC+)
                  | [potion of mutation]
 18238 | Lair:4   | Gained mutation: You are partially covered in large bone
                  | plates. (SH +4) [potion of mutation]
 18239 | Lair:4   | Lost mutation: Your body sometimes deteriorates upon taking
                  | damage. [potion of mutation]
 18239 | Lair:4   | Lost mutation: Your flesh is cold resistant. (rC+) [potion
                  | of mutation]
 18239 | Lair:4   | Gained mutation: Armour fits poorly on your strangely
                  | shaped body. [potion of mutation]
 18239 | Lair:4   | Gained mutation: You are partially covered in molten
                  | scales. (AC +2) [potion of mutation]
 18239 | Lair:4   | Gained mutation: Your body sometimes deteriorates upon
                  | taking damage. [potion of mutation]
 18239 | Lair:4   | Gained mutation: You possess an exceptional clarity of
                  | mind. [potion of mutation]
 18240 | Lair:4   | Lost mutation: Armour fits poorly on your strangely shaped
                  | body. [potion of mutation]
 18240 | Lair:4   | Lost mutation: Your body sometimes deteriorates upon taking
                  | damage. [potion of mutation]
 18240 | Lair:4   | Lost mutation: You are partially covered in molten scales.
                  | (AC +2) [potion of mutation]
 18240 | Lair:4   | Gained mutation: Your muscles are strong. (Str +2) [potion
                  | of mutation]
 18240 | Lair:4   | Gained mutation: Your movements are slightly less
                  | encumbered by armour. (ER -2) [potion of mutation]
 18240 | Lair:4   | Gained mutation: Scrolls take you a little longer to read.
                  | [potion of mutation]
 18240 | Lair:4   | Gained mutation: You are somewhat resistant to further
                  | mutation. [potion of mutation]
 19006 | Lair:5   | Found a runed translucent door.
 19007 | Lair:5   | Found a viscous altar of Jiyva.
 19013 | Lair:5   | Found a staircase to the Slime Pits.
 19492 | Lair:5   | Got an ancient chain mail
 19495 | Lair:5   | Identified the cursed +1 chain mail of the Gate {+Blink rF+
                  | rC++ MR- Dex+4} (You found it on level 5 of the Lair of
                  | Beasts)
 19604 | Lair:5   | Reached skill level 10 in Spellcasting
 20620 | Lair:6   | Entered Level 6 of the Lair of Beasts
 20814 | Lair:6   | Lost mutation: Scrolls take you a little longer to read.
                  | [potion of mutation]
 20814 | Lair:6   | Lost mutation: You possess an exceptional clarity of mind.
                  | [potion of mutation]
 20814 | Lair:6   | Lost mutation: Your muscles are strong. (Str +2) [potion of
                  | mutation]
 20814 | Lair:6   | Lost mutation: You are somewhat resistant to further
                  | mutation. [potion of mutation]
 20814 | Lair:6   | Gained mutation: You expend magic power (3 MP) to
                  | strengthen your wands. [potion of mutation]
 20814 | Lair:6   | Gained mutation: You tend to lose your temper in combat.
                  | [potion of mutation]
 20814 | Lair:6   | Gained mutation: Your body sometimes deteriorates upon
                  | taking damage. [potion of mutation]
 20814 | Lair:6   | Gained mutation: You are agile. (Dex +2) [potion of
                  | mutation]
 21464 | D:12     | Found a staircase to the Orcish Mines.
 21563 | D:12     | Reached skill level 13 in Conjurations
 21976 | D:12     | Offered knowledge of Poison Arrow by Vehumet.
 21986 | D:12     | Learned a level 6 spell: Poison Arrow
 22053 | D:12     | Noticed Joseph
 22066 | D:12     | Killed Joseph
 22066 | D:12     | Reached skill level 1 in Poison Magic
 22100 | D:12     | Noticed Fannar
 22117 | D:12     | Killed Fannar
 22647 | Orc:1    | Entered Level 1 of the Orcish Mines
 22780 | Orc:1    | Reached XP level 14. HP: 64/80 MP: 17/29
 22904 | Orc:1    | Found Hymihom's Book Shop.
 23363 | Orc:2    | Entered Level 2 of the Orcish Mines
 23368 | Orc:2    | Found a staircase to the Elven Halls.
 24266 | Orc:2    | Found Gidaugui's Gadget Boutique.
 24659 | Orc:2    | Noticed a stone giant
 25064 | Orc:2    | Reached skill level 5 in Poison Magic
 25346 | Orc:1    | Killed a stone giant
 25817 | Orc:2    | Found Jipli's Distillery.
 25818 | Orc:2    | Found Hanitau's Distillery.
 26283 | Orc:2    | Bought a potion of magic for 96 gold pieces
 26283 | Orc:2    | Bought a potion of curing for 36 gold pieces
 26283 | Orc:2    | Bought a potion of heal wounds for 60 gold pieces
 26283 | Orc:2    | Bought a potion of heal wounds for 60 gold pieces
 26283 | Orc:2    | Bought a potion of mutation for 96 gold pieces
 26283 | Orc:2    | Bought a potion of lignification for 36 gold pieces
 26283 | Orc:2    | Lost mutation: You are agile. (Dex +2) [potion of mutation]
 26283 | Orc:2    | Lost mutation: Your body sometimes deteriorates upon taking
                  | damage. [potion of mutation]
 26283 | Orc:2    | Lost mutation: You are partially covered in large bone
                  | plates. (SH +4) [potion of mutation]
 26283 | Orc:2    | Gained mutation: You occasionally shout uncontrollably at
                  | your foes. [potion of mutation]
 26283 | Orc:2    | Gained mutation: You are resistant to hostile enchantments.
                  | (MR+) [potion of mutation]
 26291 | Orc:2    | Found Iskitodu's Armour Shop.
 26314 | Orc:2    | Bought a +1 cloak of magic resistance for 264 gold pieces
 27053 | D:13     | Offered knowledge of Ozocubu's Refrigeration by Vehumet.
 27088 | D:13     | Reached skill level 14 in Conjurations
 27638 | D:13     | Found Japegoul's Food Shoppe.
 28321 | D:14     | Reached XP level 15. HP: 84/84 MP: 29/31
 28361 | D:13     | Learned a level 6 spell: Bolt of Fire
 29311 | D:14     | Identified the ring "Imecu" {Fire rElec MR+} (You found it
                  | on level 14 of the Dungeon)
 29921 | D:14     | Found a stormy altar of Qazlal.
 30082 | D:14     | Found a large runed translucent door.
 30083 | D:14     | Found a large runed translucent door.
 30114 | D:14     | Noticed an emperor scorpion
 30114 | D:14     | a queen ant changed into an emperor scorpion
 30123 | D:14     | Noticed an azure jelly
 30123 | D:14     | an emperor scorpion changed into an azure jelly
 30126 | D:14     | an azure jelly changed into an iron troll
 30127 | D:14     | Noticed a frost giant
 30127 | D:14     | an iron troll changed into a frost giant
 30128 | D:14     | Noticed a shadow dragon
 30128 | D:14     | a frost giant changed into a shadow dragon
 30326 | D:14     | Reached ****** piety under Vehumet
 30326 | D:14     | Offered knowledge of Venom Bolt by Vehumet.
 30593 | D:14     | Found a sparkling altar of Nemelex Xobeh.
 30596 | D:14     | Found a burning altar of Makhleb.
 30627 | D:14     | Found a shadowy altar of Dithmenos.
 30925 | D:14     | Found a gate to the Vaults.
 31234 | D:15     | Entered Level 15 of the Dungeon
 31308 | D:15     | Noticed Rupert
 31328 | D:15     | Found a staircase to the Depths.
 31346 | D:15     | Killed Rupert
 31534 | D:15     | Noticed Azrael
 31675 | D:14     | Reached skill level 15 in Conjurations
 31933 | D:12     | Killed Erica
 32331 | D:11     | Reached XP level 16. HP: 92/92 MP: 25/33
 33245 | Lair:3   | Got a wavering emerald amulet
 33247 | Lair:3   | Identified the amulet "Dauwn" {Acrobat Int+7} (You found it
                  | on level 3 of the Lair of Beasts)
 33568 | Lair:6   | Noticed Urug
 33581 | Lair:6   | Killed Urug
 33676 | Lair:6   | Paralysed by a floating eye for 2 turns
 34976 | Lair:6   | Offered knowledge of Orb of Destruction by Vehumet.
 34985 | Lair:6   | Learned a level 7 spell: Orb of Destruction
 35891 | Lair:6   | Found a runed translucent door.
 36488 | Elf:1    | Entered Level 1 of the Elven Halls
 36496 | Elf:1    | Reached skill level 1 in Evocations
 36747 | Elf:1    | Reached skill level 16 in Conjurations
 37598 | Elf:1    | Reached skill level 5 in Shields
 38104 | Elf:1    | Reached XP level 17. HP: 96/96 MP: 28/35
 38549 | Elf:2    | Offered knowledge of Conjure Ball Lightning by Vehumet.
 38677 | Elf:2    | Found a portal to a secret trove of treasure.
 38851 | Elf:2    | Reached skill level 15 in Fire Magic
 38941 | Elf:2    | Found a magical portal.
 38950 | WizLab   | Entered Doroklohe's Tomb
 39192 | WizLab   | Noticed an electric golem
 39212 | Elf:2    | HP: 1/144 [electric golem (8)]
 39212 | Elf:2    | Slain by an electric golem

Skill      XL: |  1  2  3  4  5  6  7  8  9 10 11 12 13 14 15 16 17 |
---------------+----------------------------------------------------+-----
Fire Magic     | 4 5 6 8 9 10 11 12 13 14 15 | 15.0
Conjurations   | 2 3 4 5 7 9 10 11 13 14 15 16 | 16.9
Spellcasting   | 3 4 5 6 7 8 9 10 11 12 13 | 13.6
Stealth        | 3 4 5 6 |  6.0
Maces & Flails | 2 4 8 9 10 11 | 11.9
Dodging        | 3 4 5 6 7 8 9 |  9.3
Fighting       | 1 2 4 5 6 7 |  7.4
Staves         | 2 |  2.8
Armour         | 1 2 4 |  4.0
Shields        | 2 3 4 5 |  5.3
Poison Magic   | 3 5 6 7 |  7.6
Evocations     | 1 |  1.4

Action                   |  1- 3 |  4- 6 |  7- 9 | 10-12 | 13-15 | 16-18 || total
-------------------------+-------+-------+-------+-------+-------+-------++-------
Melee: Flail             |       |     5 |       |       |       |       ||     5
       Kick              |       |     5 |    44 |   103 |   185 |    50 ||   387
       Mace              |       |    13 |   131 |       |       |       ||   144
       Scythe            |       |     3 |       |       |       |       ||     3
       Peck              |       |     1 |    28 |    61 |   111 |    24 ||   225
       Quarterstaff      |       |       |    40 |       |       |       ||    40
       Demon whip        |       |       |    21 |   358 |   526 |   143 ||  1048
       Staff             |       |       |       |       |       |    19 ||    19
 Cast: Flame Tongue      |    44 |    79 |    68 |   155 |   119 |     6 ||   471
       Sticky Flame      |       |    12 |    63 |   117 |   165 |    23 ||   380
       Conjure Flame     |       |       |     8 |    13 |    14 |       ||    35
       Fireball          |       |       |     7 |    16 |    32 |     4 ||    59
       Poison Arrow      |       |       |       |       |   126 |    99 ||   225
       Bolt of Fire      |       |       |       |       |    46 |    84 ||   130
       Orb of Destructio |       |       |       |       |       |    16 ||    16
 Abil: Fly               |       |     1 |       |       |       |       ||     1
       Evoke Invisibilit |       |       |       |       |     3 |     1 ||     4
       Evoke Blink       |       |       |       |       |     2 |       ||     2
Evoke: Wand              |       |       |     1 |       |     1 |     1 ||     3
  Use: Potion            |       |     2 |       |       |     6 |    10 ||    18
       Scroll            |       |     5 |    11 |     7 |    13 |    10 ||    46
 Stab: Sleeping          |       |     3 |     5 |     4 |       |     1 ||    13
       Distracted        |       |       |       |     1 |       |     1 ||     2
       Invisible         |       |       |       |       |     2 |       ||     2
  Eat: Chunk             |     1 |    11 |    21 |    30 |    81 |    50 ||   194
       Ration            |       |       |     3 |     3 |    11 |     3 ||    20
Armor: Robe              |     4 |    14 |    81 |    50 |       |       ||   149
       Skin              |       |     1 |       |       |       |    14 ||    15
       Troll leather arm |       |       |       |    31 |    93 |    26 ||   150
       Chain mail        |       |       |       |       |    62 |       ||    62
Dodge: Dodged            |    19 |    72 |   247 |   293 |   386 |   203 ||  1220
Block: Buckler           |       |       |       |    67 |   275 |    86 ||   428
